 Dungeon Crawl Stone Soup version 0.20-a0-647-gf178af5 (webtiles) character file.

186519 Goblin1989 the Brawler (level 17, -9/124 HPs)
             Began as a Demonspawn Monk on Feb 13, 2017.
             Was the Champion of Nemelex Xobeh.
             Killed from afar by a shock serpent (17 damage)
             ... with a bolt of electricity
             ... on level 4 of the Snake Pit on Feb 15, 2017.
             The game lasted 02:41:05 (40160 turns).

Goblin1989 the Brawler (Demonspawn Monk)           Turns: 40160, Time: 02:41:06

Health: -9/124     AC: 37    Str: 24    XL:     17   Next: 84%
Magic:  27/27      EV:  8    Int: 11    God:    Nemelex Xobeh [******]
Gold:   950        SH: 21    Dex: 26    Spells: 11/16 levels left

rFire    + . .     SeeInvis .     - Unarmed
rCold    + + .     Gourm    .   x - +9 armour of the Dragon King {rPois rF+ rC+ MR+}
rNeg     . . .     Faith    .   g - +2 large shield {AC+3}
rPois    +         Spirit   .   p - +2 helmet
rElec    .         Reflect  .   L - scarf {rC+}
rCorr    .         Harm     .   (no gloves)
MR       ++...     Clarity  +   O - +2 pair of boots {run}
Stlth    ..........             (no amulet)
Regen    0.7/turn               f - +6 ring of strength
MPRegen  0.2/turn               U - +5 ring of dexterity

@: very slightly contaminated, quick
A: claws 2, talons 1, thin skeletal structure 3, camouflage 1, blink, clarity,
demonic guardian 3, dopey 1, frail 1, nightstalker 1, regeneration 1, screaming
1, shaggy fur 1, wild magic 1
a: Blink, Triple Draw, Deal Four, Stack Five, Renounce Religion


You were on level 4 of the Snake Pit.
You worshipped Nemelex Xobeh.
Nemelex Xobeh was exalted by your worship.
You were not hungry.

You visited 5 branches of the dungeon, and saw 28 of its levels.
You also visited: Labyrinth, Ossuary, Bailey and Ice Cave.

You collected 4028 gold pieces.
You spent 3078 gold pieces at shops.

Inventory:

Hand Weapons
 b - a +4 hand axe of flaming
 A - the +7 hand axe of Umasotu {freeze, rElec MR+ SInv}
   (You found it on level 8 of the Dungeon)

   It has been specially enchanted to freeze those struck by it, causing extra
   injury to most foes and up to half again as much damage against particularly
   susceptible opponents.
   It can also slow down cold-blooded creatures.
   It insulates you from electricity.
   It affects your resistance to hostile enchantments.
   It lets you see invisible.
Missiles
 Z - 6 throwing nets (quivered) {!d, =f}
Armour
 g - a +2 large shield of protection (worn)
 p - a +2 helmet (worn)
 x - the +9 armour of the Dragon King (worn) {rPois rF+ rC+ MR+}
   (You bought it in a shop on level 2 of the Orcish Mines)

   It protects you from fire.
   It protects you from cold.
   It protects you from poison.
   It affects your resistance to hostile enchantments.
 L - a scarf of cold resistance (worn)
 N - the +18 shield of the Gong {rElec rN+ MR+ EV-5}
   (You found it on level 8 of the Dungeon)

   It affects your evasion (-5).
   It insulates you from electricity.
   It protects you from negative energy.
   It affects your resistance to hostile enchantments.
 O - a +2 pair of boots of running (worn)
Jewellery
 f - a +6 ring of strength (right claw)
 m - an uncursed ring of protection from magic
 n - an uncursed ring of ice
 S - an uncursed ring of fire
 U - a +5 ring of dexterity (left claw)
 W - an uncursed ring of positive energy
Wands
 i - a wand of digging (2/24)
 I - a wand of iceblast (9/15)
 Y - a wand of disintegration (8/24)
Scrolls
 c - 5 scrolls of fog
 h - a scroll of immolation
 j - a scroll of holy word
 q - 12 scrolls of recharging
 u - 3 scrolls of enchant armour
 B - a scroll of blinking
 D - 2 scrolls of silence
 F - 13 scrolls of remove curse {@r2}
 M - 3 scrolls of magic mapping
 Q - 2 scrolls of fear
 R - 4 scrolls of identify {@r1}
 T - 3 scrolls of teleportation {!r, @r3}
Potions
 a - 4 potions of agility
 l - 10 potions of curing {@q1}
 r - 3 potions of ambrosia
 v - 2 potions of cancellation
 w - 7 potions of haste {@q3, !q}
 C - 2 potions of might
 G - 2 potions of flight
 H - 6 potions of resistance
 J - a potion of berserk rage
Miscellaneous
 k - a legendary deck of summoning {the Illusion, left: 3}
 o - a legendary deck of escape {the Tomb, left: 4}
 s - an ornate deck of summoning
 y - an ornate deck of destruction {drawn: 1}
 z - an ornate deck of summoning
 K - an ornate deck of summoning
 P - an ornate deck of destruction
 V - an ornate deck of destruction
Comestibles
 e - 21 bread rations {@e1}
 t - 7 fruits
 E - 13 meat rations {@e2}
 X - a royal jelly


   Skills:
 + Level 13.8 Fighting
   Level 3.2 Long Blades
 * Level 9.8 Armour
 - Level 10.1 Dodging
 - Level 1.7 Stealth
 * Level 9.2 Shields
 + Level 17.7 Unarmed Combat
 + Level 14.6 Invocations


You had 11 spell levels left.
You knew the following spells:

 Your Spells              Type           Power        Failure   Level  Hunger
b - Animate Skeleton      Necr           N/A          100%        1    ##.....
o - Apportation           Tloc           #.....       100%        1    ##.....
R - Regeneration          Chrm/Necr      #.........   100%        3    ####...


Dungeon Overview and Level Annotations

Branches:
Dungeon (15/15)            Temple (1/1) D:7            Lair (6/6) D:10
 Shoals (0/4) Lair:2        Snake (4/4) Lair:4        Slime (0/5) Lair:6
    Orc (2/2) D:9             Elf (0/3) Orc:2        Vaults (0/5) D:14
 Depths (0/5) D:15

Altars:
Ashenzari
Cheibriados
Dithmenos
Elyvilon
Fedhas
Gozag
Hepliaklqana
Kikubaaqudgha
Makhleb
Nemelex Xobeh
Okawaru
Qazlal
Ru
Sif Muna
Trog
Uskayaw
Vehumet
Xom
Yredelemnul
Zin
The Shining One
Beogh
Jiyva

Shops:
D:8 [   D:9 %(!   D:13 %   D:15 *   Orc:2 [}[!

Annotations:
D:6 George's ghost, novice HOFi
D:8 2 runed doors
D:10 1 runed door


Innate Abilities, Weirdness & Mutations

You have very sharp fingernails.
You have an unnaturally thin skeletal structure. (Dex +6, Stealth++)
A powerful demonic guardian rushes to your aid.
You are slightly more attuned to the shadows.
You have sharp toenails.
Your skin changes colour to match your surroundings (Stealth+).
You can translocate small distances at will.
You possess an exceptional clarity of mind.
You are dopey. (Int -2)
You are frail. (-10% HP)
Your natural rate of healing is unusually fast.
You occasionally shout uncontrollably at your foes.
You are covered in fur. (AC +1)
Your spells are a little harder to cast, but a little more powerful.


Message History

The guardian serpent is heavily wounded.
The guardian serpent weaves intricate patterns with the tip of its tongue.
The naga blinks!
The salamander blinks!
You block the salamander's attack. The naga warrior spits poison at you.
You block the splash of poison.
Health restored: 124 You mangle the guardian serpent!!
You kill the guardian serpent!
You block the salamander's attack. You block the naga's attack. x2
You claw the salamander!
The salamander is moderately wounded.
You block the naga warrior's attack. x2; The salamander barely misses you.
You eviscerate the salamander!!!
The salamander is almost dead.
You block the naga warrior's attack. x2
The naga spits poison at you. You block the splash of poison.
You mangle the salamander!!
You kill the salamander!
You block the naga warrior's attack. x2; The naga hits you but does no damage.
You block the naga's attack.
You mangle the naga warrior!!
The naga warrior is moderately wounded.
The naga warrior hits you but does no damage.
You block the naga warrior's attack.
You mangle the naga warrior!!
The naga warrior is heavily wounded.
The naga closely misses you. You block the naga's attack.
You eviscerate the naga warrior!!!
The naga warrior is almost dead.
You hear an angry hiss.
You block the naga warrior's attack. The naga warrior grabs you.
The naga warrior constricts you. The naga spits poison at you.
The splash of poison hits you! You resist.
You mangle the naga warrior!!
You kill the naga warrior!
The naga completely misses you. You block the naga's attack.
A shock serpent comes into view.
You eviscerate the naga!!!
You kill the naga!
The shock serpent hisses angrily.
The shock serpent shoots out a bolt of lightning at you!
The bolt of electricity hits you!
You hear a shout!
You see here a guardian serpent corpse.
A nagaraja comes into view. It is wielding a whip.
The nagaraja shouts!
You see here a black mamba corpse.
You scratch the shock serpent.
The shock serpent is lightly wounded.
You block the shock serpent's attack.
The shock serpent bites you but does no damage.
The nagaraja mumbles some strange words.
The nagaraja seems to speed up.
You block the shock serpent's attack.
You closely miss the shock serpent.
The shock serpent is lightly wounded.
The shock serpent shoots out a bolt of lightning at you!
The bolt of electricity hits you! x2
The bolt of electricity hits your lorocyproca.
Your lorocyproca resists.
You claw the shock serpent!
The shock serpent is moderately wounded.
The shock serpent's electric aura discharges, shocking you!
The shock serpent bites you. The shock serpent shocks you!
The shock serpent bites you! The shock serpent shocks you!
* * * LOW HITPOINT WARNING * * *
You are too injured to fight recklessly!
You are too injured to fight recklessly!
You are too injured to fight recklessly!
You are too injured to fight recklessly!
You are too injured to fight recklessly!
You are too injured to fight recklessly!
You take 69 damage, and have 55/124 hp.
O_OOPS!!
MASSIVE DAMAGE!!
You are too injured to fight recklessly!
You are too injured to fight recklessly!
The shock serpent shoots out a bolt of lightning at you!
The bolt of electricity hits you!
* * * LOW HITPOINT WARNING * * *
The shock serpent shoots out a bolt of lightning at you!
The bolt of electricity hits you!
* * * LOW HITPOINT WARNING * * *
Your lorocyproca hits the shock serpent!!!
The shock serpent dies!
The air sparks with electricity, shocking your lorocyproca!
You see here a guardian serpent corpse.
You take 49 damage, and have 6/124 hp.
O_OOPS!!
MASSIVE DAMAGE!!
You see here an enchanted spear.
Triple draw from which deck? (? for menu, Esc to quit)
Okay, then.
Okay, then.
Blink to where?
Press: ? - help, Dir - move target cursor You are very lightly contaminated with residual magic.
As you read the scroll of blinking, it crumbles to dust.
The shock serpent shoots out a bolt of lightning at you!
The bolt of electricity hits you!
You die...
Your body glows slightly and disappears.

...........█.█
...........█.█
████████.....████
................█
███████████████.██
█..█ █ ███.███ ██
█.....█ .██
█..@..█ ..█
█.....█ ..█
█.....█ ..█
█.....█ .██
█.)<).█ ██ █.).§.█
.█


████S███ .█ █...2†█ .█ █............ You could see a shock serpent.

Vanquished Creatures
  Vashnia (Snake:2)
  Asterion (Snake:1)
  The ghost of Klosterheim the Fencer, an adept FoFi of Makhleb (Orc:2)
  Agnes (D:14)
  3 nagarajas
  Louise (Snake:3)
  An orc warlord (Orc:2)
  Aizul (Snake:1)
  Snorg (Lair:6)
  The ghost of Graouh the Basher, a journeyman MiFi of Okawaru (D:10)
  10 naga warriors
  4 vault guards (D:14)
  2 rakshasas (D:15)
  Josephine (D:14)
  5 hydras
  A catoblepas (Lair:6)
  The ghost of slumpy the Blocker, a journeyman FoFi of Okawaru (Bailey)
  3 centaur warriors
  A two-headed ogre (shapeshifter) (D:15)
  3 two-headed ogres
  10 anacondas
  2 death yaks (Lair:6)
  An orc high priest (Orc:2)
  5 shock serpents
  Urug (D:12)
  13 naga sharpshooters
  A salamander mystic (Snake:2)
  2 sea snakes (Snake:4)
  An unseen horror (D:14)
  A wolf spider zombie (D:14)
  A glowing orange brain (D:15)
  A necromancer (IceCv)
  7 orc knights
  6 mana vipers
  A lindwurm (Lair:6)
  17 salamanders
  12 ugly things
  7 orc sorcerers
  An oklob plant (Lair:5)
  A shining eye (Orc:2)
  2 deep elf magi (Orc:2)
  5 cyclopes
  A faun (D:8)
  5 manticores
  5 elephants
  4 guardian serpents
  21 black mambas
  A gargoyle (D:11)
  10 naga magi
  An ice statue (IceCv)
  8 spiny frogs
  A rime drake (Lair:2)
  9 komodo dragons
  2 efreet (D:14)
  11 freezing wraiths
  9 trolls
  A meliai (Lair:6)
  7 polar bears
  A harpy skeleton (D:14)
  4 hornets
  The ghost of psellion the Shield-Bearer, an amateur FoFi (D:3)
  3 slime creatures
  15 hippogriffs
  A dream sheep (Lair:6)
  11 blink frogs
  A dream sheep (shapeshifter) (D:15)
  9 spriggans
  A vampire (D:9)
  4 wraiths (D:14)
  2 shadows (D:15)
  A spriggan (shapeshifter) (D:13)
  A redback (Lab)
  A water elemental (D:15)
  3 wyverns
  A human (shapeshifter) (D:14)
  3 fire elementals (Snake:2)
  Eustachio (D:5)
  A death yak simulacrum (IceCv)
  5 basilisks
  6 vampire mosquitoes
  39 yaks
  A steam dragon (Orc:2)
  27 nagas
  5 wargs
  17 soldier ants
  2 acid dragons
  2 hell hounds (Snake:2)
  13 water moccasins
  5 porcupines
  4 sky beasts
  A meliai simulacrum (D:14)
  2 swamp drakes (Orc:2)
  2 necrophages (D:9)
  19 orc warriors
  18 ice beasts
  A black bear (D:8)
  11 ogres
  An eye of draining (Lair:6)
  3 boggarts (Lair:6)
  16 wolves (Lair:6)
  19 centaurs
  14 crocodiles
  2 big kobolds
  13 bullfrogs
  A wyvern zombie (D:12)
  8 gnoll sergeants (Bailey)
  An earth elemental (Lab)
  7 scorpions
  6 killer bees (D:11)
  4 howler monkeys
  3 electric eels
  9 crimson imps
  2 draconian simulacra (IceCv)
  7 centaur zombies
  An iron imp (Orc:2)
  13 hounds
  9 jellies
  17 orc wizards
  6 gnoll shamans (Bailey)
  20 orc priests
  4 centaur skeletons
  5 iguanas
  4 bullfrog skeletons
  Jessica (D:3)
  Ijyb (D:3)
  6 troll simulacra (IceCv)
  A worker ant (shapeshifter) (D:15)
  A spriggan simulacrum (IceCv)
  24 worker ants
  A polar bear simulacrum (IceCv)
  3 big kobold zombies (Ossuary)
  2 wolf simulacra (IceCv)
  4 centaur simulacra
  2 hound zombies (D:5)
  3 mummies (Ossuary)
  19 adders
  17 gnolls
  2 howler monkey skeletons
  5 naga simulacra (IceCv)
  4 ogre simulacra (IceCv)
  2 shadow imps
  13 white imps
  3 oozes
  2 adder zombies (D:8)
  2 worms
  2 dart slugs (D:1)
  5 leopard geckos
  72 orcs
  3 ball pythons
  13 bats
  4 giant cockroaches
  8 hobgoblins
  8 jackals
  17 kobolds
  3 quokkas
  6 frilled lizards
  14 goblins
  2 hobgoblin zombies (Ossuary)
  A jackal zombie (D:5)
  A leopard gecko skeleton (D:4)
  A leopard gecko zombie (D:5)
  A quokka zombie (D:7)
  8 rats
  A plant (Lair:5)
965 creatures vanquished.

Vanquished Creatures (collateral kills)
  Azrael (Snake:2)
  A minotaur (Lab)
  A hydra (shapeshifter) (D:15)
  A naga warrior (Snake:3)
  4 hydras
  A catoblepas (Lair:5)
  2 anacondas
  A queen ant (Lair:2)
  3 death yaks (Lair:6)
  A two-headed ogre (D:9)
  A shock serpent (Snake:4)
  A naga ritualist (Snake:3)
  3 ugly things (D:15)
  A mana viper (Snake:3)
  An oklob plant (Lair:5)
  A cyclops (D:11)
  5 elephants
  6 black mambas
  A gargoyle (D:11)
  A spiny frog (Lair:6)
  2 komodo dragons
  A centaur skeleton (D:15)
  A hornet (Lair:6)
  A hippogriff (Lair:6)
  10 blink frogs
  2 spriggans (Lair:6)
  6 yaks
  2 basilisks
  A naga (Snake:4)
  4 soldier ants (Lair:2)
  2 hell hounds (Snake:2)
  2 water moccasins
  An orc warrior (Orc:2)
  4 wolves (Lair:6)
  A centaur (Orc:2)
  A boggart (Orc:2)
  A crocodile (Lair:1)
  2 bullfrogs
  A scorpion (D:5)
  A hound (D:7)
  2 orc wizards
  8 worker ants
  A mummy (Ossuary)
  A gnoll (D:6)
  An adder (D:6)
  A shadow imp (D:6)
  An adder skeleton (D:5)
  7 orcs
  A butterfly (Lair:5)
106 creatures vanquished.

Vanquished Creatures (others)
  An orc sorcerer (Orc:1)
  A black mamba (Snake:1)
  A naga (Snake:2)
  A boggart (Lair:6)
  An electric eel (Snake:2)
  An iguana (Orc:2)
  A worker ant (Orc:2)
  A ball lightning (Snake:1)
  A dart slug (Orc:2)
  8 orcs (Orc:1)
  A frilled lizard (Orc:2)
  A bush (Lair:4)
  9 fungi
  4 plants
32 creatures vanquished.

Grand Total: 1103 creatures vanquished

Notes
Turn   | Place    | Note
-------+----------+-------------------------------------------
     0 | D:1      | Goblin1989 the Demonspawn Monk began the quest for the Orb.
     0 | D:1      | Reached XP level 1. HP: 18/18 MP: 1/1
    91 | D:1      | Gained mutation: You have sharp fingernails. [demonic ancestry]
    91 | D:1      | Reached XP level 2. HP: 11/24 MP: 2/2
   483 | D:1      | Reached skill level 1 in Unarmed Combat
   686 | D:1      | Reached XP level 3. HP: 19/29 MP: 3/3
  1090 | D:2      | Reached skill level 2 in Unarmed Combat
  1425 | D:2      | Found a shimmering altar of Xom.
  1428 | D:2      | Gained mutation: A weak demonic guardian rushes to your aid. [demonic ancestry]
  1428 | D:2      | Reached XP level 4. HP: 27/35 MP: 4/4
  1624 | D:2      | Reached skill level 3 in Unarmed Combat
  1630 | D:2      | HP: 1/35 [adder (1)]
  2426 | D:3      | Noticed psellion's ghost (amateur FoFi)
  2513 | D:4      | Found an opulent altar of Gozag.
  2538 | D:4      | Gained mutation: You are slightly more attuned to the shadows. [demonic ancestry]
  2538 | D:4      | Reached XP level 5. HP: 31/41 MP: 5/5
  2555 | D:4      | Found a sand-covered staircase.
  2560 | Ossuary  | Entered an ossuary
  2576 | Ossuary  | Reached skill level 4 in Unarmed Combat
  3297 | Ossuary  | Reached skill level 5 in Unarmed Combat
  3297 | Ossuary  | Gained mutation: You have very sharp fingernails. [demonic ancestry]
  3297 | Ossuary  | Reached XP level 6. HP: 41/47 MP: 6/6
  4440 | D:4      | Reached skill level 1 in Armour
  4548 | D:5      | Entered Level 5 of the Dungeon
  4773 | D:5      | Noticed a sky beast
  4781 | D:5      | Killed a sky beast
  4785 | D:5      | Gained mutation: You have an increased reservoir of magic. (+10% MP) [mutagenic meat]
  4786 | D:5      | Gained mutation: You have a beak for a mouth. [mutagenic meat]
  4787 | D:5      | Gained mutation: You are covered in fur. (AC +1) [mutagenic meat]
  4788 | D:5      | Gained mutation: Your system is resistant to poisons. (rPois) [mutagenic meat]
  4789 | D:5      | Gained mutation: You have claws for hands. [mutagenic meat]
  4802 | D:5      | Reached XP level 7. HP: 51/52 MP: 7/7
  4860 | D:5      | Found a white marble altar of Elyvilon.
  4942 | D:5      | Reached skill level 6 in Unarmed Combat
  5061 | D:5      | Noticed Eustachio
  5079 | D:5      | Killed Eustachio
  5234 | D:5      | Got a heavily runed ring mail
  5540 | D:6      | Identified the cursed +0 ring mail of Natuc {rC++ MR- Str+6 Slay+3} (You found it on level 5 of the Dungeon)
  5545 | D:6      | Noticed George's ghost (novice HOFi)
  5841 | D:3      | Noticed Ijyb
  5851 | D:3      | Killed Ijyb
  5851 | D:3      | Reached XP level 8. HP: 56/61 MP: 8/8
  5945 | D:3      | Killed psellion's ghost
  5945 | D:3      | Reached skill level 7 in Unarmed Combat
  6392 | D:3      | Found a blossoming altar of Fedhas.
  6401 | D:3      | Noticed Jessica
  6404 | D:3      | Killed Jessica
  6693 | D:6      | Learned a level 3 spell: Regeneration
  6695 | D:6      | Learned a level 1 spell: Apportation
  6697 | D:6      | Learned a level 1 spell: Animate Skeleton
  6827 | D:6      | Found a sparkling altar of Nemelex Xobeh.
  6827 | D:6      | Found a bloodstained altar of Trog.
  6984 | D:7      | Reached skill level 5 in Fighting
  7144 | D:7      | Found a staircase to the Ecumenical Temple.
  7200 | Temple   | Entered the Ecumenical Temple
  7699 | D:7      | Reached skill level 8 in Unarmed Combat
  8270 | D:7      | Gained mutation: You have a somewhat thin skeletal structure. (Dex +2, Stealth) [demonic ancestry]
  8270 | D:7      | Reached XP level 9. HP: 47/68 MP: 9/9
  8587 | D:6      | Found a white marble altar of Elyvilon.
  8587 | D:6      | Found a sacrificial altar of Ru.
  8588 | D:6      | Found a shattered altar of Ashenzari.
  8598 | D:6      | Became a worshipper of Nemelex Xobeh the Trickster
  8598 | D:6      | Received a gift from Nemelex Xobeh
  8598 | D:6      | Reached * piety under Nemelex Xobeh
  8598 | D:6      | Reached ** piety under Nemelex Xobeh
  8761 | D:5      | Reached skill level 9 in Unarmed Combat
  9190 | D:8      | Found a large runed door.
  9190 | D:8      | Found a large runed door.
  9250 | D:8      | Found a large runed door.
  9250 | D:8      | Found a large runed door.
  9333 | D:8      | Reached skill level 1 in Invocations
  9581 | D:8      | Noticed a centaur warrior
  9586 | D:8      | Killed a centaur warrior
  9679 | D:8      | Found Fezips's Antique Armour Shop.
  9685 | D:8      | Bought a glowing cloak for 210 gold pieces
  9685 | D:8      | Bought a pair of runed boots for 210 gold pieces
  9695 | D:8      | Identified a +2 pair of boots of running (You bought it in a shop on level 8 of the Dungeon)
  9861 | D:8      | Reached XP level 10. HP: 76/77 MP: 13/13
  9887 | D:8      | Found a stormy altar of Qazlal.
  9993 | D:7      | Reached skill level 10 in Unarmed Combat
 10178 | D:8      | Noticed a two-headed ogre
 10501 | D:8      | Noticed a faun
 10501 | D:8      | a two-headed ogre changed into a faun
 10507 | D:8      | Killed a faun
 10795 | D:9      | Received a gift from Nemelex Xobeh
 10847 | D:9      | Found Ryluisi's Food Emporium.
 10926 | D:9      | Found Ceapsusch's Antique Weapon Shop.
 10970 | D:9      | Gained mutation: Your body sometimes deteriorates upon taking damage. [mutagenic meat]
 10971 | D:9      | Lost mutation: You have an increased reservoir of magic. (+10% MP) [mutagenic meat]
 10972 | D:9      | Gained mutation: You are robust. (+10% HP) [mutagenic meat]
 10973 | D:9      | Gained mutation: Your magical capacity is low. (-10% MP) [mutagenic meat]
 10988 | D:9      | Reached *** piety under Nemelex Xobeh
 10992 | D:9      | Lost mutation: You are robust. (+10% HP) [mutagenic meat]
 10993 | D:9      | Gained mutation: You are agile. (Dex +2) [mutagenic meat]
 10995 | D:9      | Gained mutation: Your skin changes colour to match your surroundings (Stealth+). [mutagenic meat]
 10996 | D:9      | Lost mutation: Your magical capacity is low. (-10% MP) [mutagenic meat]
 11002 | D:9      | Noticed a cyclops
 11623 | D:9      | Found a staircase to the Orcish Mines.
 11631 | D:9      | Found a roughly hewn altar of Beogh.
 11814 | D:9      | Found a hazy altar of Hepliaklqana.
 11941 | D:9      | Found Vuqolong's Distillery.
 12073 | D:9      | Found a burning altar of Makhleb.
 12074 | D:9      | Found a glowing silver altar of Zin.
 12075 | D:9      | Noticed an angel
 12077 | D:9      | Noticed a green death
 12108 | D:9      | Reached skill level 5 in Dodging
 12182 | D:9      | Killed a cyclops
 12293 | D:9      | Upgraded the game from 0.20-a0-641-g673355a to 0.20-a0-642-g4ff03ff
 12344 | D:10     | Entered Level 10 of the Dungeon
 12416 | D:10     | Noticed Graouh's ghost (journeyman MiFi)
 12485 | D:10     | Found a runed door.
 12485 | D:10     | Noticed an angel
 12514 | D:10     | Found a glowing silver altar of Zin.
 12541 | D:10     | Received a gift from Nemelex Xobeh
 12567 | D:10     | Reached skill level 11 in Unarmed Combat
 12788 | D:10     | Found a staircase to the Lair.
 12901 | D:10     | Killed Graouh's ghost
 12901 | D:10     | Reached skill level 5 in Invocations
 12901 | D:10     | Gained mutation: A demonic guardian rushes to your aid. [demonic ancestry]
 12901 | D:10     | Reached XP level 11. HP: 34/86 MP: 14/14
 13222 | D:10     | Received a gift from Nemelex Xobeh
 13509 | D:11     | Found a labyrinth entrance.
 13517 | Lab      | Entered a labyrinth
 13631 | Lab      | Reached **** piety under Nemelex Xobeh
 14166 | Lab      | Received a gift from Nemelex Xobeh
 14205 | Lab      | Noticed a minotaur
 14218 | Lab      | Killed a minotaur
 14231 | Lab      | Got a crystal arbalest
 14231 | Lab      | Got a jewelled mace
 14231 | Lab      | Got an encrusted triple sword
 14241 | Lab      | Identified the +10 mace of Doubt {freeze, +Blink Dex+5} (You found it in a labyrinth)
 14242 | Lab      | Identified the +7 triple sword of the Hills {freeze, rF- Int+7} (You found it in a labyrinth)
 15104 | D:11     | Found a sacrificial altar of Ru.
 15139 | D:11     | Received a gift from Nemelex Xobeh
 15168 | D:11     | Noticed a two-headed ogre
 15175 | D:11     | Killed a two-headed ogre
 15214 | D:11     | Reached skill level 12 in Unarmed Combat
 15398 | Lair:1   | Entered Level 1 of the Lair of Beasts
 15485 | Lair:1   | Received a gift from Nemelex Xobeh
 15756 | Lair:1   | Reached ***** piety under Nemelex Xobeh
 16017 | Lair:1   | Received a gift from Nemelex Xobeh
 16225 | Lair:2   | Noticed a queen ant
 16239 | Lair:2   | Killed a queen ant
 16239 | Lair:2   | Gained mutation: You have a moderately thin skeletal structure. (Dex +4, Stealth+) [demonic ancestry]
 16239 | Lair:2   | Reached XP level 12. HP: 51/96 MP: 17/17
 16729 | Lair:2   | Found a staircase to the Shoals.
 17378 | Lair:2   | Reached skill level 13 in Unarmed Combat
 17460 | Lair:2   | Reached skill level 10 in Fighting
 17879 | Lair:3   | Found a hazy altar of Hepliaklqana.
 18149 | Lair:3   | Received a gift from Nemelex Xobeh
 18506 | Lair:4   | Found a staircase to the Snake Pit.
 18710 | Lair:4   | Noticed a four-headed hydra
 18717 | Lair:4   | Killed a one-headed hydra
 19140 | Lair:4   | Received a gift from Nemelex Xobeh
 19345 | Lair:4   | Identified the cursed +0 helmet "Vyxa" {Int+4} (You found it on level 4 of the Lair of Beasts)
 19417 | Lair:4   | Reached XP level 13. HP: 104/104 MP: 20/20
 19647 | Lair:4   | Received a gift from Nemelex Xobeh
 20417 | Lair:5   | Reached ****** piety under Nemelex Xobeh
 20542 | Lair:5   | Received a gift from Nemelex Xobeh
 20994 | Lair:5   | Reached skill level 10 in Invocations
 21039 | Lair:5   | Reached skill level 14 in Unarmed Combat
 21196 | Lair:5   | Received a gift from Nemelex Xobeh
 21397 | Lair:6   | Entered Level 6 of the Lair of Beasts
 21441 | Lair:6   | Found a staircase to the Slime Pits.
 21442 | Lair:6   | Found a viscous altar of Jiyva.
 23486 | Lair:6   | Reached XP level 14. HP: 88/113 MP: 22/22
 23491 | Lair:6   | Reached skill level 1 in Shields
 23588 | Lair:6   | Received a gift from Nemelex Xobeh
 23786 | Lair:6   | Noticed Snorg
 23835 | Lair:6   | Killed Snorg
 24522 | Orc:1    | Entered Level 1 of the Orcish Mines
 24679 | Orc:2    | Entered Level 2 of the Orcish Mines
 24768 | Orc:2    | Received a gift from Nemelex Xobeh
 24779 | Orc:2    | Noticed Klosterheim's ghost (adept FoFi)
 24878 | D:9      | Bought a potion of experience for 550 gold pieces
 24878 | D:9      | Reached skill level 15 in Unarmed Combat
 24878 | D:9      | Gained mutation: You have an unnaturally thin skeletal structure. (Dex +6, Stealth++) [demonic ancestry]
 24878 | D:9      | Reached XP level 15. HP: 120/120 MP: 23/23
 25050 | Orc:1    | Found a roughly hewn altar of Beogh.
 25530 | Orc:2    | Killed Klosterheim's ghost
 25837 | Orc:2    | Noticed an orc warlord
 25845 | Orc:2    | Reached skill level 10 in Dodging
 26036 | Orc:2    | Found a staircase to the Elven Halls.
 26096 | Orc:2    | Received a gift from Nemelex Xobeh
 26114 | Orc:2    | Paralysed by an orc sorcerer for 5 turns
 26209 | Orc:2    | Lost mutation: You have a beak for a mouth. [a shining eye]
 26211 | Orc:2    | Gained mutation: Armour fits poorly on your strangely shaped body. [a shining eye]
 26213 | Orc:2    | Found Atsozeeph's Gadget Shoppe.
 26213 | Orc:2    | Found Zujyhicwo's Antique Armour Shoppe.
 26304 | Orc:2    | Found Geakhleo's Armour Shop.
 26494 | Orc:2    | Reached skill level 16 in Unarmed Combat
 26683 | Orc:2    | Found Hacyh's Distillery.
 26689 | Orc:2    | Bought a shield for 112 gold pieces
 26858 | Orc:2    | Killed an orc warlord
 27233 | D:12     | Noticed Urug
 27254 | D:12     | Killed Urug
 27405 | D:12     | Found a flagged portal.
 27410 | Bailey   | Entered a bailey
 27542 | Bailey   | Noticed slumpy's ghost (journeyman FoFi)
 27572 | Bailey   | Killed slumpy's ghost
 28242 | D:12     | Received a gift from Nemelex Xobeh
 28248 | D:12     | Reached skill level 5 in Armour
 28814 | D:12     | Received a gift from Nemelex Xobeh
 29276 | D:12     | Lost mutation: Your body sometimes deteriorates upon taking damage. [mutagenic meat]
 29277 | D:12     | Gained mutation: Your muscles are strong. (Str +2) [mutagenic meat]
 29278 | D:12     | Gained mutation: Scrolls take you a little longer to read. [mutagenic meat]
 29279 | D:12     | Lost mutation: You have claws for hands. [potion of mutation]
 29279 | D:12     | Lost mutation: You are agile. (Dex +2) [potion of mutation]
 29279 | D:12     | Lost mutation: Armour fits poorly on your strangely shaped body. [potion of mutation]
 29279 | D:12     | Gained mutation: You are agile. (Dex +2) [potion of mutation]
 29280 | D:12     | Lost mutation: Your system is resistant to poisons. (rPois) [potion of mutation]
 29280 | D:12     | Lost mutation: You are agile. (Dex +2) [potion of mutation]
 29280 | D:12     | Lost mutation: Scrolls take you a little longer to read. [potion of mutation]
 29280 | D:12     | Gained mutation: You expend magic power (3 MP) to strengthen your wands. [potion of mutation]
 29280 | D:12     | Gained mutation: You have claws for hands. [potion of mutation]
 29281 | D:12     | Lost mutation: You expend magic power (3 MP) to strengthen your wands. [potion of mutation]
 29281 | D:12     | Lost mutation: You have claws for hands. [potion of mutation]
 29281 | D:12     | Lost mutation: Your muscles are strong. (Str +2) [potion of mutation]
 29281 | D:12     | Lost mutation: You are covered in fur. (AC +1) [potion of mutation]
 29281 | D:12     | Gained mutation: You can translocate small distances at will. [potion of mutation]
 29281 | D:12     | Gained mutation: You occasionally shout uncontrollably at your foes. [potion of mutation]
 29281 | D:12     | Gained mutation: You passively map a small area around you. [potion of mutation]
 29479 | D:13     | Found a frozen archway.
 29513 | IceCv    | Entered an ice cave
 29609 | IceCv    | Received a gift from Nemelex Xobeh
 30461 | IceCv    | Found an ancient bone altar of Kikubaaqudgha.
 30698 | D:13     | Found a bloodstained altar of Trog.
 30951 | D:13     | Found Vonasycs's Food Shop.
 31027 | D:13     | Received a gift from Nemelex Xobeh
 31252 | D:14     | Reached XP level 16. HP: 119/129 MP: 25/25
 31458 | D:14     | Gained mutation: You are agile. (Dex +2) [mutagenic meat]
 31459 | D:14     | Lost mutation: You passively map a small area around you. [mutagenic meat]
 31460 | D:14     | Gained mutation: You are weak. (Str -2) [mutagenic meat]
 31461 | D:14     | Gained mutation: You are covered in fur. (AC +1) [mutagenic meat]
 31462 | D:14     | Gained mutation: You have sharp toenails. [mutagenic meat]
 31820 | D:8      | Got a pitted hand axe
 31821 | D:8      | Identified the +7 hand axe of Umasotu {freeze, rElec MR+ SInv} (You found it on level 8 of the Dungeon)
 32029 | D:14     | Noticed Agnes
 32052 | D:14     | Killed Agnes
 32055 | D:14     | Noticed Josephine
 32525 | D:14     | Found a snail-covered altar of Cheibriados.
 32537 | D:14     | Killed Josephine
 32887 | D:14     | Identified a scroll of acquirement
 33113 | Orc:2    | Bought the +9 armour of the Dragon King {rPois rF+ rC+ MR+} for 1996 gold pieces
 33474 | D:14     | Reached skill level 5 in Shields
 33572 | D:14     | Found a gate to the Vaults.
 33826 | D:14     | Gained mutation: Your spells are a little harder to cast, but a little more powerful. [mutagenic meat]
 33828 | D:14     | Gained mutation: You possess an exceptional clarity of mind. [mutagenic meat]
 33829 | D:14     | Gained mutation: Your natural rate of healing is unusually fast. [mutagenic meat]
 33990 | D:14     | Gained mutation: You are dopey. (Int -2) [mutagenic meat]
 33995 | D:14     | Gained mutation: You are frail. (-10% HP) [mutagenic meat]
 34112 | D:14     | Received a gift from Nemelex Xobeh
 34158 | D:15     | Entered Level 15 of the Dungeon
 34337 | D:15     | Reached skill level 17 in Unarmed Combat
 34562 | D:15     | Found a staircase to the Depths.
 34779 | D:15     | Gained mutation: You have a pair of small horns on your head. [mutagenic meat]
 34780 | D:15     | Lost mutation: You are agile. (Dex +2) [mutagenic meat]
 34781 | D:15     | Lost mutation: You are weak. (Str -2) [mutagenic meat]
 34784 | D:15     | Lost mutation: You have a pair of small horns on your head. [mutagenic meat]
 34898 | D:15     | Found Doiq's Serpentskin Sales.
 34940 | D:15     | Received a gift from Nemelex Xobeh
 35249 | Snake:1  | Entered Level 1 of the Snake Pit
 35681 | Snake:1  | Received a gift from Nemelex Xobeh
 36479 | Snake:2  | Noticed Asterion
 36482 | Snake:2  | Noticed Aizul
 36490 | Snake:1  | Killed Asterion
 36649 | Snake:1  | Killed Aizul
 36992 | Snake:2  | Gained mutation: A powerful demonic guardian rushes to your aid. [demonic ancestry]
 36992 | Snake:2  | Reached XP level 17. HP: 121/123 MP: 27/27
 37091 | Snake:2  | Noticed Vashnia
 37093 | Snake:2  | Noticed Azrael
 37099 | Snake:2  | Killed Azrael
 37559 | Snake:2  | Killed Vashnia
 37723 | Snake:2  | Received a gift from Nemelex Xobeh
 37890 | Snake:2  | You fall through a shaft!
 38910 | Snake:3  | Received a gift from Nemelex Xobeh
 39454 | Snake:4  | Entered Level 4 of the Snake Pit
 39558 | Snake:4  | Received a gift from Nemelex Xobeh
 39604 | Snake:4  | Upgraded the game from 0.20-a0-642-g4ff03ff to 0.20-a0-647-gf178af5
 39618 | Snake:3  | Noticed Louise
 39652 | Snake:3  | Killed Louise
 40158 | Snake:4  | HP: 6/124 [shock serpent/bolt of electricity (27)]
 40160 | Snake:4  | Killed from afar by a shock serpent

Vault maps used:
D:1:      elethiomel_arrival_maze, glass_columns_c, minivault_19
D:2:      lemuel_tele_altar
D:3:      lemuel_round_altar, kennysheep_generic_room_9, uniq_jessica, uniq_iyjb
D:4:      lemuel_crystal_altar, enter_ossuary_5, minmay_goblin_kobold_house
D:5:      basic_altar, first_bread, uniq_eustachio
D:6:      nicolae_overflow_hidden_temple, grunt_ministairs_2
D:7:      temple_doors_e, the_bakery
D:8:      grunt_qazlal_sundering, serial_shops, shop,
          minmay_hollow_rounded_squares
D:9:      grunt_temple_overflow_order_and_chaos_2, kennysheep_little_box,
          minmay_orc_entry_temple_small, serial_shops, nicolae_shop_trees,
          nicolae_shop_behind_doors, shop
D:10:     lair_entry_dummy, lemuel_angel_altar
D:11:     lab_entry_generic, nicolae_ru_sacrificial_ziggurat
D:12:     serial_column_ruins, column_ruins_circle_large,
          column_ruins_open_small, column_ruins_grid_1,
          column_ruins_corridor_corner, column_ruins_open_medium,
          column_ruins_corridor_straight, enter_bailey_3, spider_trap, uniq_urug
D:13:     portal_ice_cave_entry_ice_beasts, serial_shops, kennysheep_mini,
          trog_ov_bears_minmay
D:14:     lightli_vaults_fourway_checkpoint, kennysheep_flooded_box,
          basic_altar, uniq_agnes, uniq_josephine
D:15:     gammafunk_enter_depths_forms, minivault_19, guppyfry_shop_venom
Temple:   jpeg_temple_alley_garden
Lair:2:   minmay_shoals_entry_beasts, minivault_29
Lair:3:   basic_altar
Lair:4:   minmay_snake_entry_guardpost_small
Lair:5:   grunt_megastairs_3, minmay_lair_oklob_chamber, serial_bayou_shore_b,
          lemuel_fruit_fields, infiniplex_staircase_pool_2
Lair:6:   minmay_lair_end_enchanted_forest, slime_altar_1, uniq_snorg
Snake:2:  minmay_snake_pond, uniq_asterion, uniq_vashnia, uniq_aizul,
          uniq_azrael
Snake:3:  grunt_megastairs_4, uniq_louise
Snake:4:  snake_pit, guppyfry_library_mini, serial_bayou_shore_a
Orc:1:    mines1_david
Orc:2:    st_orc_elflike, hangedman_minor_magic
Lab:      nicolae_lab_grate, nicolae_lab_big_swirl, nicolae_lab_blocks
Ossuary:  ossuary_the_hunt_dpeg
Bailey:   bailey_polearm_gnolls_kennysheep, bailey
IceCv:    ice_cave_small_necro

Skill      XL: |  1  2  3  4  5  6  7  8  9 10 11 12 13 14 15 16 17 |
---------------+----------------------------------------------------+-----
Long Blades    | 3 |  3.2
Unarmed Combat | 1 2 3 5 6 8 9 11 12 13 14 15 16 17 | 17.7
Armour         | 1 2 4 5 7 9 |  9.8
Fighting       | 4 5 6 8 9 10 11 12 13 | 13.8
Dodging        | 4 5 6 8 9 10 | 10.1
Invocations    | 3 5 7 9 11 12 13 14 | 14.6
Shields        | 1 4 7 9 |  9.2
Stealth        | |  1.7

Action                   |  1- 3 |  4- 6 |  7- 9 | 10-12 | 13-15 | 16-18 || total
-------------------------+-------+-------+-------+-------+-------+-------++-------
Melee: Falchion          |   113 |    50 |       |       |       |       ||   163
       Unarmed           |       |   179 |   304 |   673 |  1196 |  1080 ||  3432
       Punch             |       |     3 |    12 |    49 |    27 |       ||    91
       Peck              |       |       |    63 |   202 |   173 |       ||   438
       Hand axe          |       |       |       |     5 |    21 |    18 ||    44
Throw: Javelin           |     7 |       |       |       |       |       ||     7
       Throwing net      |       |       |       |       |       |     4 ||     4
Invok: Stack Five        |       |       |       |       |     2 |       ||     2
Evoke: Deck              |       |       |     1 |    11 |    37 |    14 ||    63
       Wand              |       |       |       |     4 |     3 |     4 ||    11
  Use: Scroll            |       |     9 |     2 |    19 |     8 |     8 ||    46
       Potion            |       |     3 |     1 |       |     5 |     8 ||    17
 Stab: Sleeping          |     2 |     2 |     7 |    30 |    26 |       ||    67
       Distracted        |       |     2 |     2 |     7 |    12 |     5 ||    28
       Petrified         |       |       |       |       |     5 |       ||     5
       Held in net/web   |       |       |       |       |       |     1 ||     1
  Eat: Chunk             |     2 |    14 |     9 |    33 |    34 |    37 ||   129
       Royal jelly       |       |     1 |     1 |     1 |     3 |     1 ||     7
       Meat ration       |       |       |     1 |       |       |       ||     1
       Fruit             |       |       |       |     4 |       |    13 ||    17
Armor: Robe              |    30 |       |       |       |       |       ||    30
       Ring mail         |     8 |    64 |     7 |       |       |       ||    79
       Scale mail        |       |       |    95 |   198 |   149 |       ||   442
       Chain mail        |       |       |       |       |   206 |    33 ||   239
       Troll leather arm |       |       |       |       |    37 |       ||    37
       Plate armour      |       |       |       |       |     4 |       ||     4
       Gold dragon scale |       |       |       |       |       |   462 ||   462
Dodge: Dodged            |    87 |    88 |   120 |   338 |   676 |   251 ||  1560
Block: Buckler           |       |       |       |       |    79 |       ||    79
       Shield            |       |       |       |       |   267 |   552 ||   819
       Large shield      |       |       |       |       |       |    85 ||    85
       Rpst.: Falchion   |    25 |    13 |       |       |       |       ||    38

Vault maps used:
D:1:      elethiomel_arrival_maze, glass_columns_c, minivault_19
D:2:      lemuel_tele_altar
D:3:      lemuel_round_altar, kennysheep_generic_room_9, uniq_jessica, uniq_iyjb
D:4:      lemuel_crystal_altar, enter_ossuary_5, minmay_goblin_kobold_house
D:5:      basic_altar, first_bread, uniq_eustachio
D:6:      nicolae_overflow_hidden_temple, grunt_ministairs_2
D:7:      temple_doors_e, the_bakery
D:8:      grunt_qazlal_sundering, serial_shops, shop,
          minmay_hollow_rounded_squares
D:9:      grunt_temple_overflow_order_and_chaos_2, kennysheep_little_box,
          minmay_orc_entry_temple_small, serial_shops, nicolae_shop_trees,
          nicolae_shop_behind_doors, shop
D:10:     lair_entry_dummy, lemuel_angel_altar
D:11:     lab_entry_generic, nicolae_ru_sacrificial_ziggurat
D:12:     serial_column_ruins, column_ruins_circle_large,
          column_ruins_open_small, column_ruins_grid_1,
          column_ruins_corridor_corner, column_ruins_open_medium,
          column_ruins_corridor_straight, enter_bailey_3, spider_trap, uniq_urug
D:13:     portal_ice_cave_entry_ice_beasts, serial_shops, kennysheep_mini,
          trog_ov_bears_minmay
D:14:     lightli_vaults_fourway_checkpoint, kennysheep_flooded_box,
          basic_altar, uniq_agnes, uniq_josephine
D:15:     gammafunk_enter_depths_forms, minivault_19, guppyfry_shop_venom
Temple:   jpeg_temple_alley_garden
Lair:2:   minmay_shoals_entry_beasts, minivault_29
Lair:3:   basic_altar
Lair:4:   minmay_snake_entry_guardpost_small
Lair:5:   grunt_megastairs_3, minmay_lair_oklob_chamber, serial_bayou_shore_b,
          lemuel_fruit_fields, infiniplex_staircase_pool_2
Lair:6:   minmay_lair_end_enchanted_forest, slime_altar_1, uniq_snorg
Snake:2:  minmay_snake_pond, uniq_asterion, uniq_vashnia, uniq_aizul,
          uniq_azrael
Snake:3:  grunt_megastairs_4, uniq_louise
Snake:4:  snake_pit, guppyfry_library_mini, serial_bayou_shore_a
Orc:1:    mines1_david
Orc:2:    st_orc_elflike, hangedman_minor_magic
Lab:      nicolae_lab_grate, nicolae_lab_big_swirl, nicolae_lab_blocks
Ossuary:  ossuary_the_hunt_dpeg
Bailey:   bailey_polearm_gnolls_kennysheep, bailey
IceCv:    ice_cave_small_necro
